 Dungeon Crawl Stone Soup version 0.27.0-1-g7a089689b8 (webtiles) character file.

Game seed: 6232809674636925297

10059 soberaf the Basher (level 11, -3/133 HPs)
             Began as a Palentonga Chaos Knight on Aug 4, 2021.
             Was an Initiate of Qazlal.
             Slain by a blink frog (12 damage)
             ... on level 1 of the Lair of Beasts on Aug 7, 2021.
             The game lasted 01:12:49 (11658 turns).

soberaf the Basher (Palentonga Chaos Knight)       Turns: 11658, Time: 01:12:49

Health: -3/133     AC: 32    Str: 13      XL:     11   Next: 31%
Magic:  21/21      EV:  1    Int: 12 (14) God:    Qazlal [......]
Gold:   558        SH:  0    Dex: 12 (18) Spells: 8/24 levels left

rFire    . . .     SeeInvis +   b - +1 flail (protect)
rCold    . . .     Faith    .   (no shield)
rNeg     + + +     Spirit   .   (armour currently unavailable)
rPois    +         Reflect  .   (helmet currently unavailable)
rElec    .         Harm     .   (cloak currently unavailable)
rCorr    .         Rampage  .   (gloves currently unavailable)
Will     .....     NoTele   +   (no barding)
Stlth    ++........             n - amulet of regeneration
HPRegen  1.32/turn              s - +4 ring of evasion
MPRegen  0.17/turn              y - +6 ring of dexterity

@: tree-form, unable to read, under a protective aura
A: stationary, stasis, torment immunity, boosted hp, large, rugged brown scales
3, see invisible, (deformed body), (roll 2), (armoured tail), (reflexive curl),
deterioration 2, screaming 1, weak 1, inability to read while threatened
a: Renounce Religion


You were on level 1 of the Lair of Beasts.
You worshipped Qazlal.
Qazlal was noncommittal.
You were a tree.
You visited 3 branches of the dungeon, and saw 12 of its levels.
You also visited: Ossuary.

You collected 558 gold pieces.

Inventory:

Hand Weapons
 a - a +2 whip of venom
 b - a +1 flail of protection (weapon)
Missiles
 c - 2 throwing nets
 l - 8 curare-tipped darts
Armour
 j - a +2 chain mail of poison resistance (melded)
 p - a +2 cloak (melded)
Jewellery
 d - a ring of protection from cold
 n - an amulet of regeneration (around neck)
 s - a +4 ring of evasion (left branch)
 y - a +6 ring of dexterity (right branch)
Wands
 q - a wand of flame (31)
 t - a wand of paralysis (5)
 w - a wand of mindburst (6)
Scrolls
 e - 3 scrolls of magic mapping
 g - a scroll of fog
 i - 2 scrolls of blinking
 k - 3 scrolls of enchant weapon
 m - a scroll of fear
 x - a scroll of immolation
 B - a scroll of enchant armour
Potions
 f - a potion of flight
 h - 5 potions of magic
 r - a potion of curing
 v - a potion of brilliance {unknown}
 z - a potion of haste


   Skills:
 + Level 7.1 Fighting
 + Level 10.1 Maces & Flails
 + Level 0.1 Throwing
 + Level 3.8 Armour
 + Level 4.9 Dodging
 + Level 1.7 Stealth
 + Level 7.3 Spellcasting
 + Level 0.2 Conjurations
 + Level 7.5 Hexes
 + Level 0.7 Transmutations
 + Level 0.2 Evocations


You had 8 spell levels left.
You knew the following spells:

 Your Spells              Type           Power      Damage    Failure   Level
a - Corona                Hex            24%        N/A       1%          1
b - Tukima's Dance        Hex            22%        N/A       2%          3
c - Wereblood             Tmut           6%         N/A       19%         2
d - Fulminant Prism       Conj/Hex       6%         3d7       32%         4
e - Teleport Other        Tloc           4%         N/A       43%         3
f - Passwall              Tmut/Erth      4%         N/A       21%         2
g - Apportation           Tloc           8%         N/A       16%         1

Your spell library contained the following spells:

 Spells                   Type           Power      Damage    Failure   Level
 Ensorcelled Hibernation  Hex/Ice        26%        N/A       4%          2
 Magic Dart               Conj           20%        1d4       14%         1
 Freeze                   Ice            16%        1d4       16%         1
 Searing Ray              Conj           10%        3d3       22%         2
 Call Imp                 Summ           4%         N/A       24%         2
 Sublimation of Blood     Necr           2%         N/A       24%         2
 Mephitic Cloud           Conj/Pois/Air  4%         N/A       41%         3
 Stone Arrow              Conj/Erth      8%         3d7       41%         3
 Frozen Ramparts          Ice            8%         1d2       43%         3
 Gell's Gravitas          Tloc           2%         N/A       43%         3
 Lesser Beckoning         Tloc           2%         N/A       43%         3
 Swiftness                Air            4%         N/A       43%         3
 Invisibility             Hex            11%        N/A       73%         6
 Hailstorm                Conj/Ice       4%         3d4       83%         4
 Animate Armour           Summ/Erth      8%         N/A       85%         4
 Alistair's Intoxication  Tmut/Pois      3%         N/A       98%         5
 Summon Hydra             Summ           2%         N/A       100%        7
 Lehudib's Crystal Spear  Conj/Erth      2%         10d2      100%        8


Dungeon Overview and Level Annotations

Branches:
Dungeon (10/15)            Temple (1/1) D:7            Lair (1/6) D:8
Ossuary (visited)
    Orc: D:9-12

Altars:
Ashenzari
Cheibriados
Dithmenos
Elyvilon
Fedhas
Gozag
Hepliaklqana
Kikubaaqudgha
Makhleb
Nemelex Xobeh
Okawaru
Qazlal
Ru
Sif Muna
Trog
Uskayaw
Vehumet
Wu Jian
Xom
Yredelemnul
Zin
The Shining One

Annotations:
D:3 Sigmund
D:8 exclusion: downstairs


Innate Abilities, Weirdness & Mutations

You are a tree.
Your roots penetrate the ground, keeping you stationary.
You cannot be teleported.
You are immune to unholy pain and torment.
Your maximum health is greatly increased.
Your equipment is partially melded.
(You are completely covered in rugged brown scales. (AC +3, +7% HP))
You have supernaturally acute eyesight. (SInv)
((Armour fits poorly on your strangely shaped body.))
((You can roll at foes to attack.))
((You have a long armoured tail.))
((You curl defensively after being hit.))
Your body often deteriorates upon taking damage.
You occasionally shout uncontrollably at your foes.
You are weak. (Str -2)
You sometimes lose the ability to read scrolls when taking damage.


Message History

The blink frog hits you but does no damage.
You hit the cane toad.
The cane toad is severely wounded.
You feel sick.
The cane toad stings you but does no damage.
The blink frog hits you but does no damage.
The blink frog blinks!
The cane toad stings you but does no damage.
You hit the cane toad but do no damage.
The cane toad is severely wounded.
You feel sick.
The blink frog blinks!
The blink frog hits you!
* * * LOW HITPOINT WARNING * * *
The blink frog hits you but does no damage.
The cane toad stings you but does no damage.
Unknown command.
You closely miss the cane toad.
The cane toad is severely wounded.
You feel sick.
The blink frog hits you but does no damage.
The blink frog blinks!
The cane toad stings you but does no damage.
You closely miss the cane toad.
The cane toad is severely wounded.
You feel sick. The blink frog barely misses you.
The blink frog hits you but does no damage.
The blink frog completely misses you.
The cane toad stings you but does no damage.
The blink frog hits you.
* * * LOW HITPOINT WARNING * * *
You hit the cane toad but do no damage.
The cane toad is severely wounded.
You feel sick.
The blink frog hits you but does no damage. x2
The cane toad stings you!
* * * LOW HITPOINT WARNING * * *
You are more poisoned.
The cane toad poisons you!
The blink frog hits you but does no damage.
You feel better. The blink frog barely misses you. The blink frog hits you!
You die...

#.......$..# #...# ##.
#..........# #...###..
#.....†....## #........
#.$.........# #........
#..........## #........
.......F...## #...##.#.
#^..........# #...###..
#........FF## #...# ##.
.........F♣# #...# #.
.........FF########...#
#.
...........##PP##.#...#
#.
.....................#
#.
....................#
##.
.#..#.....)........#
#.. ####...P####.#....#
##. #)...# ####...# #.
#....# #...# #.


You could see a cane toad and 5 blink frogs.

Vanquished Creatures
  Harold (D:10)
  Nergalle (D:10)
  A deep elf pyromancer (D:9)
  Pikel (D:3)
  Joseph (D:8)
  2 cane toads (D:8)
  An unseen horror (D:10)
  A komodo dragon (Lair:1)
  A yaktaur (D:8)
  A polar bear (D:8)
  5 blink frogs
  Grinder (D:5)
  2 vampires
  A shadow (D:10)
  6 yaks
  Grum (D:8)
  A steam dragon (D:7)
  3 water moccasins
  Duvessa (D:5)
  3 sky beasts
  2 orc warriors (D:9)
  3 ice beasts
  3 wolves
  3 centaurs
  3 lemures
  4 kobold brigands
  2 bullfrogs
  A gnoll sergeant (D:9)
  3 scorpions
  Dowan (D:5)
  3 howler monkeys
  7 centaur zombies
  2 jellies
  2 bullfrog skeletons
  Jessica (D:2)
  4 iguanas
  Natasha (thrice) (D:2)
  Ijyb (D:5)
  3 orc wizards
  A killer bee zombie (D:8)
  4 mummies (Ossuary)
  2 howler monkey zombies
  8 gnolls
  8 adders
  A shadow imp (D:8)
  2 ufetubi
  An adder skeleton (D:4)
  A worm (D:2)
  4 dart slugs
  12 orcs
  9 bats
  9 endoplasms
  3 giant cockroaches
  6 goblins
  8 hobgoblins
  12 jackals
  A quokka (D:2)
  8 ball pythons
  2 frilled lizards (D:2)
  4 hobgoblin zombies (Ossuary)
  24 kobolds
  9 rats
225 creatures vanquished.

Vanquished Creatures (collateral kills)
  A yak (D:7)
  An ogre (D:7)
  A gnoll sergeant (D:8)
3 creatures vanquished.

Vanquished Creatures (others)
  4 dancing weapons
  2 fulminant prisms (D:8)
  3 plants (Lair:1)
9 creatures vanquished.

Grand Total: 237 creatures vanquished

Notes
Turn   | Place    | Note
-------+----------+-------------------------------------------
     0 | D:1      | soberaf the Palentonga Chaos Knight began the quest for the
                  | Orb.
     0 | D:1      | Reached XP level 1. HP: 19/19 MP: 1/1
    37 | D:1      | Reached skill level 1 in Dodging
    90 | D:1      | Reached XP level 2. HP: 24/25 MP: 2/2
   120 | D:1      | XOM: divination: magic mapping
   182 | D:1      | XOM: 3-stop teleportation journey
   392 | D:1      | Reached XP level 3. HP: 31/31 MP: 3/3
   549 | D:1      | Learned a level 1 spell: Corona
  1335 | D:2      | Noticed Natasha
  1347 | D:2      | XOM: swap monsters
  1348 | D:2      | XOM: give mutations
  1348 | D:2      | Gained mutation: You have a pair of small horns on your
                  | head. [Xom's mischief]
  1348 | D:2      | Gained mutation: Your mind is acute. (Int +2) [Xom's
                  | mischief]
  1348 | D:2      | Lost mutation: You have a pair of small horns on your head.
                  | [Xom's mischief]
  1348 | D:2      | Gained mutation: You are clumsy. (Dex -2) [Xom's mischief]
  1436 | D:2      | Noticed Jessica
  1440 | D:2      | Killed Jessica
  1441 | D:2      | Reached XP level 4. HP: 30/37 MP: 3/5
  1444 | D:2      | Reached skill level 1 in Spellcasting
  1481 | D:2      | XOM: noise
  1832 | D:2      | Killed Natasha
  1833 | D:2      | Reached skill level 4 in Maces & Flails
  1833 | D:2      | Reached skill level 1 in Hexes
  1837 | D:2      | Learned a level 3 spell: Tukima's Dance
  2284 | D:3      | XOM is BORED!
  2284 | D:3      | XOM: polymorph orc -> goblin
  2288 | D:3      | Reached XP level 5. HP: 32/43 MP: 3/7
  2550 | D:2      | Noticed Natasha
  2556 | D:2      | Killed Natasha
  2818 | D:2      | Noticed Natasha
  2847 | D:2      | Killed Natasha
  2958 | D:2      | XOM: silly message
  3114 | D:3      | Noticed Sigmund
  3642 | D:3      | Reached XP level 6. HP: 34/51 MP: 6/8
  3774 | D:4      | XOM: cloud trail
  3807 | D:4      | Noticed Pikel
  4161 | D:4      | XOM: silly message
  4503 | D:4      | XOM: noise
  4540 | D:3      | XOM: scenery: 1 doors close
  4664 | D:3      | Killed Pikel
  4665 | D:3      | Gained mutation: You curl defensively after being hit.
                  | [Palentonga growth]
  4665 | D:3      | Reached XP level 7. HP: 19/57 MP: 6/12
  4726 | D:3      | XOM: god gift: scroll labelled MUP DOLUIZI {god gift}
  4934 | D:3      | XOM: divination: detect creatures
  4936 | D:3      | XOM: potion effect (invisibility)
  4937 | D:3      | XOM: silly message
  5201 | D:4      | XOM: 1-stop teleportation journey
  5532 | D:4      | XOM: god gift: 9 arrows
  5582 | D:5      | Entered Level 5 of the Dungeon
  5591 | D:5      | Reached skill level 5 in Maces & Flails
  5620 | D:4      | XOM: scenery: create altars
  5928 | D:5      | Reached XP level 8. HP: 65/65 MP: 13/13
  5980 | D:5      | XOM: smoke on damage
  6110 | D:5      | XOM: god gift: book of Blood
  6117 | D:5      | Learned a level 2 spell: Wereblood
  6206 | D:5      | Noticed Grinder
  6229 | D:5      | XOM: 4-stop teleportation journey
  6291 | D:5      | Noticed Ijyb
  6296 | D:5      | XOM: divination: detect items
  6300 | D:5      | Killed Ijyb
  6353 | D:5      | You fall into a shaft and drop 1 floor!
  6411 | D:6      | XOM: noise
  6420 | D:6      | Reached skill level 1 in Stealth
  6559 | D:6      | Learned a level 3 spell: Teleport Other
  6586 | D:5      | XOM: potion effect (might)
  6777 | D:6      | Reached skill level 6 in Maces & Flails
  6822 | D:5      | XOM: noise
  6836 | D:5      | XOM: divination: detect creatures
  6850 | D:5      | Killed Grinder
  6851 | D:5      | Reached skill level 5 in Hexes
  6969 | D:5      | Reached skill level 5 in Spellcasting
  6969 | D:5      | Reached XP level 9. HP: 48/71 MP: 11/16
  7037 | D:5      | XOM: silly message
  7151 | D:5      | Noticed Dowan
  7152 | D:5      | Noticed Duvessa
  7155 | D:5      | Killed Dowan
  7164 | D:5      | Killed Duvessa
  7229 | D:5      | XOM: silly message
  7253 | D:5      | XOM: silly message
  7552 | D:6      | XOM: divination: detect creatures
  7594 | D:6      | XOM: potion effect (might)
  7783 | D:7      | XOM: blink monster(s)
  7823 | D:7      | Reached skill level 5 in Fighting
  8062 | D:7      | Found a staircase to the Ecumenical Temple.
  8074 | D:7      | Learned a level 4 spell: Fulminant Prism
  8088 | D:7      | Reached skill level 7 in Maces & Flails
  8100 | Temple   | Entered the Ecumenical Temple
  8282 | D:7      | Learned a level 2 spell: Passwall
  8302 | D:7      | XOM: polymorph water moccasin -> ice beast
  8386 | D:7      | XOM: enchant monster (good)
  8599 | D:8      | Found an iron altar of Okawaru.
  8602 | D:8      | Noticed Grum
  8607 | D:8      | XOM: confuse monster(s)
  8615 | D:8      | XOM: cast spell 'Summon Dragon'
  8708 | D:8      | Noticed Joseph
  8744 | D:8      | Noticed a boulder beetle
  8756 | D:8      | Noticed a yaktaur
  8756 | D:8      | a boulder beetle changed into a yaktaur
  8756 | D:8      | XOM: polymorph boulder beetle -> yaktaur
  8768 | D:8      | Killed a yaktaur
  8789 | D:8      | Found a sand-covered staircase.
  8808 | Ossuary  | Entered an ossuary
  8822 | Ossuary  | XOM: enchant monster (good)
  9144 | D:8      | Killed Joseph
  9145 | D:8      | Reached XP level 10. HP: 75/81 MP: 9/19
  9152 | D:8      | XOM: give mutations
  9152 | D:8      | Gained mutation: You occasionally shout uncontrollably at
                  | your foes. [Xom's mischief]
  9152 | D:8      | Gained mutation: You can roll at foes to attack. [Xom's
                  | mischief]
  9152 | D:8      | Lost mutation: You are clumsy. (Dex -2) [Xom's mischief]
  9152 | D:8      | Lost mutation: Your mind is acute. (Int +2) [Xom's
                  | mischief]
  9255 | D:8      | XOM: summons 1 hostile demon
  9314 | D:8      | XOM: smoke on damage
  9347 | D:8      | Reached skill level 8 in Maces & Flails
  9352 | D:8      | XOM: enchant monster (good)
  9358 | D:8      | XOM: draining
  9362 | D:8      | XOM: cleaving
  9366 | D:8      | XOM: polymorph yak -> polar bear
  9389 | D:7      | XOM: enchant monster (bad)
  9400 | D:7      | XOM: summons 4 friendly demons
  9403 | D:7      | HP: 3/79 [yak (17)]
  9500 | D:8      | Killed Grum
  9697 | D:8      | Found a staircase to the Lair.
  9761 | D:8      | Fell from the grace of Xom
  9882 | Lair:1   | Entered Level 1 of the Lair of Beasts
 10076 | D:9      | XOM: give mutation
 10076 | D:9      | Gained mutation: You sometimes lose the ability to read
                  | scrolls when taking damage. [Xom's mischief]
 10284 | D:9      | Learned a level 1 spell: Apportation
 10527 | Temple   | Became a worshipper of Qazlal Stormbringer
 10714 | D:9      | Noticed a deep elf pyromancer
 10842 | D:9      | Reached skill level 9 in Maces & Flails
 10868 | D:9      | Killed a deep elf pyromancer
 10989 | D:9      | XOM: give mutations
 10989 | D:9      | Gained mutation: You are weak. (Str -2) [Xom's mischief]
 10989 | D:9      | Gained mutation: Your body sometimes deteriorates upon
                  | taking damage. [Xom's mischief]
 10989 | D:9      | Gained mutation: Your body often deteriorates upon taking
                  | damage. [Xom's mischief]
 11075 | D:10     | Entered Level 10 of the Dungeon
 11187 | D:10     | XOM: summons 4 hostile shadow creatures
 11188 | D:10     | Noticed a death knight
 11188 | D:10     | Noticed a phantasmal warrior
 11195 | D:10     | Noticed Nergalle
 11202 | D:10     | Noticed Harold
 11208 | D:10     | Killed Nergalle
 11225 | D:10     | Killed Harold
 11226 | D:10     | Reached XP level 11. HP: 56/88 MP: 14/21
 11353 | Lair:1   | XOM: swap monsters
 11558 | D:8      | Reached skill level 10 in Maces & Flails
 11657 | Lair:1   | HP: 1/133 [cane toad (12)]
 11658 | Lair:1   | Slain by a blink frog

Illustrated notes

Levels and vault maps discovered:
D:1:      dpeg_arrival_pond, layout_loops_corners, feat_on_display
D:2:      layout_loops_corners, uniq_jessica, uniq_natasha
D:3:      layout_basic, uniq_sigmund
D:4:      layout_cave_pools, serial_forest, infiniplex_forest_lined_corner,
          infiniplex_forest_lined_2, infiniplex_forest_fountain,
          infiniplex_forest_straight_2, infiniplex_forest_straight_3,
          infiniplex_forest_end_1, infiniplex_forest_end_2,
          columned_hall_lemuel, kennysheep_generic_room_16, uniq_pikel
D:5:      layout_loops_ring, uniq_duvessa, uniq_ijyb, uniq_grinder
D:6:      layout_basic
D:7:      layout_rooms, minmay_temple_entry_arrows
D:8:      layout_gridville, mainiacjoe_overflow_cross_hatched, lair_entry_dummy,
          nicolae_ossuary_entry_plus, small_statue_alley_b, skrybe_limestone_x,
          uniq_grum, uniq_joseph
D:9:      layout_small_grid
D:10:     layout_small_grid, minivault_5, corexii_checkpoint_a, uniq_snorg,
          uniq_erolcha, uniq_harold, uniq_nergalle
Temple:   kilobyte_greek_temple
Lair:1:   layout_long_grid, ebering_ghost_xom, uniq_erica, uniq_urug

Skill      XL: |  1  2  3  4  5  6  7  8  9 10 11 |
---------------+----------------------------------+-----
Dodging        | 1 2 3 4 |  4.9
Armour         | 2 3 |  3.8
Spellcasting   | 1 3 5 6 7 |  7.3
Maces & Flails | 4 5 6 7 9 10 | 10.1
Hexes          | 1 3 5 6 7 |  7.5
Fighting       | 4 5 6 7 |  7.1
Stealth        | 1 |  1.7
Throwing       | |  0.1
Conjurations   | |  0.2
Transmutations | |  0.7
Evocations     | |  0.2

Action                   |  1- 3 |  4- 6 |  7- 9 | 10-12 || total
-------------------------+-------+-------+-------+-------++-------
Melee: Mace              |    87 |   135 |       |       ||   222
       Tailslap          |     6 |    12 |    48 |    59 ||   125
       Flail             |       |    15 |    61 |   322 ||   398
       Whip              |       |       |   270 |       ||   270
Throw: Dart              |       |       |     3 |       ||     3
 Cast: Corona            |    15 |    56 |    61 |    27 ||   159
       Tukima's Dance    |       |       |     7 |    11 ||    18
       Fulminant Prism   |       |       |     2 |       ||     2
       Wereblood         |       |       |       |     3 ||     3
Invok: Renounce Religion |       |       |       |     1 ||     1
 Abil: Rolling Charge    |    20 |    18 |    12 |    31 ||    81
Evoke: Wand              |       |       |       |     5 ||     5
  Use: Scroll            |     4 |     7 |     7 |     9 ||    27
       Potion            |       |     1 |     6 |     6 ||    13
 Stab: Petrified         |       |       |     2 |       ||     2
       Sleeping          |       |       |     1 |     1 ||     2
       Invisible         |       |       |     1 |       ||     1
Armor: Leather armour    |    30 |    70 |    50 |       ||   150
       Robe              |       |       |    80 |   122 ||   202
       Skin              |       |       |       |    34 ||    34
       Chain mail        |       |       |       |    31 ||    31
Dodge: Dodged            |    31 |    67 |   178 |   306 ||   582
